 Dungeon Crawl Stone Soup version 0.31-a0-358-gac0dbeb3ab (webtiles) character file.

Game seed: 9723943146003491622

14 Bnni the Changeling (level 2, 18/18 HPs)
             Began as an Octopode Shapeshifter on July 25, 2023.
             Was a Follower of Sif Muna.
             Quit the game on level 1 of the Dungeon.
             The game lasted 00:00:58 (444 turns).

Bnni the Changeling (Octopode Shapeshifter)          Turns: 444, Time: 00:00:58

Health: 18/18      AC:  1    Str: 14    XL:     2   Next: 45%
Magic:  2/2        EV: 13    Int: 10    God:    Sif Muna [*.....]
Gold:   21         SH:  0    Dex: 12    Spells: 1/1 levels left

rFire   . .          .
                       - Unarmed
rCold   . . .        (no shield)
rNeg    . . .        (helmet currently unavailable)
rPois   .            (no amulet)
rElec   .            (no ring)
rCorr   .            (no ring)
SInv    .            (no ring)
Will    .....        (no ring)
Stlth   ++           (no ring)
HPRegen 0.23/turn    (no ring)
MPRegen 0.08/turn    (no ring)
                     (no ring)

%: no passive effects
@: beast-form
A: beast (slay +2), almost no armour, amphibious, 8 rings, camouflage 1,
gelatinous body 1, (nimble swimmer 1), tentacles
a: Begin Untransformation, Renounce Religion, Channel Magic


You were on level 1 of the Dungeon.
You worshipped Sif Muna.
Sif Muna was aware of your devotion.
You were a hulking beast.
You visited 1 branch of the dungeon, and saw 1 of its levels.

You collected 21 gold pieces.

Inventory:

Talismans
 b - a beast talisman
Scrolls
 c - a scroll of identify {unknown}
 d - a scroll of immolation {unknown}
 e - a scroll of poison {unknown}
Potions
 a - a potion of lignification
 f - a potion of brilliance {unknown}


   Skills:
 + Level 1.3 Fighting
 - Level 2.0 Dodging
 + Level 3.2 Unarmed Combat
 * Level 3.3 Shapeshifting


You had one spell level left.
You didn't know any spells.
Your spell library contained the following spells:

 Spells                   Type           Power      Damage    Failure   Level
 Magic Dart               Conj           0%         1d3       36%         1
 Call Imp                 Summ           0%         N/A       50%         2
 Mephitic Cloud           Conj/Pois/Air  0%         N/A       75%         3


Dungeon Overview and Level Annotations

Branches:
Dungeon (1/15)

Altars:
Sif Muna


Innate Abilities, Weirdness & Mutations

You are a hulking beast.
Your limbs bulge with bestial killing power. (Slay +2)
You cannot wear most types of armour.
You are amphibious.
You can wear up to eight rings at the same time.
Your skin changes colour to match your surroundings (Stealth+).
Your rubbery body absorbs attacks. (AC +1, EV +1)
((You are camouflaged when in or above water. (Stealth+)))
You have tentacles for arms and can constrict up to eight enemies at once.


Message History

You now have 21 gold pieces (gained 9).
There is a stone staircase leading down here.
You see here a +0 chain mail.
A rat comes into view.
A rat is nearby!
A rat is nearby!
A rat is nearby!
The helpless rat fails to defend itself.
You bludgeon the rat!
You kill the rat!
You see here a +0 chain mail.
There is a stone staircase leading down here.
A bat comes into view.
The bat barely misses you.
You tentacle-slap the bat.
You kill the bat!
You see here a +0 whip.
f - an orange potion No target in view!
You open the door.
An endoplasm comes into view.
Found 18 gold pieces and a scroll labelled ETEDIRCHI ZAU.
Found a faded altar of an unknown god.
There is an open door here.
An endoplasm is nearby!
The helpless endoplasm fails to defend itself.
You tentacle-slap the endoplasm.
The endoplasm is severely wounded.
The endoplasm barely misses you.
You bludgeon the endoplasm!
You kill the endoplasm!
No target in view!
There is a faded altar of an unknown god here.
This altar belongs to (a) Elyvilon, (b) Sif Muna or (c) Gozag, but you can't tell which.
Press the corresponding letter to learn more about a god, or press enter to convert or escape to cancel.
Okay, then.
This altar belongs to (a) Elyvilon, (b) Sif Muna or (c) Gozag, but you can't tell which.
Press the corresponding letter to learn more about a god, or press enter to convert or escape to cancel.
Sif Muna accepts your prayer! Sif Muna welcomes you!
You can now call upon Sif Muna for magical energy.
Are you sure you want to abandon this character and quit the game? (Confirm with "yes".)

##### #...# +##
###'#.# #..###..#..#
#....$..#.##
##.....##.####
#..h..#.....########
#.?...#####.........
#...8...# #.########
#..###..# #.# +##
###+ #.# #.. #.# ..#
#.# ### #.#


There were no monsters in sight!

Vanquished Creatures
  A ball python (D:1)
  2 bats (D:1)
  4 endoplasms (D:1)
  A hobgoblin (D:1)
  A quokka (D:1)
  A frilled lizard (D:1)
  A kobold (D:1)
  2 rats (D:1)
13 creatures vanquished.

Notes
Turn   | Place    | Note
-------+----------+-------------------------------------------
     0 | D:1      | Bnni the Octopode Shapeshifter began the quest for the Orb.
     0 | D:1      | Reached XP level 1. HP: 13/13 MP: 1/1
   174 | D:1      | Reached XP level 2. HP: 7/18 MP: 2/2
   435 | D:1      | Found a faded altar of an unknown god.
   443 | D:1      | Prayed at the altar of an unknown god.
   443 | D:1      | Became a worshipper of Sif Muna the Loreminder
   443 | D:1      | Reached * piety under Sif Muna
   444 | D:1      | Quit the game

Illustrated notes

Levels and vault maps discovered:
D:1:      minmay_arrival_arboretum_large, layout_loops_ring,
          hellmonk_ecumenical_altar_slurped_away

Action                     || total
---------------------------++-------
  Melee: Unarmed           ||    24
         Constrict         ||     4
         Tentacles         ||     3
         Punch             ||     1
   Stab: Sleeping          ||     6
 Armour: Skin              ||     2
  Dodge: Dodged            ||    13

Table legend: (Time is in decaauts)
 A = Elapsed time spent in this place.
 B = Non-inter-level travel time spent in this place.
 C = Inter-level travel time spent in this place.
 D = Time resting spent in this place.
 E = Time spent auto-exploring this place.
 F = Levels seen in this place.
 G = Mean time per level.
                   A        B        C        D        E       F      G
               +--------+--------+--------+--------+--------+-----+--------+
         Total |    442 |    442 |      0 |      0 |    366 |   1 |  442.0 |
       Dungeon |    442 |    442 |      0 |      0 |    366 |   1 |  442.0 |
               +--------+--------+--------+--------+--------+-----+--------+

Top non-repeatable levels by time:
     D:1: 442 daAuts
